Cool Beans, chaotic female orcish Barbarian --------- --------------- |\....... |.............| |........ ------ #..............| |......... #oh#G#%@....)#####|.............| +(.......I|# |Wd..| |.............| |.........%## |....| |.............| -----------# -h.^.| --------------- ------ Cool Beans the Bandit Experience level: 6 Strength: 19 Dexterity: 18 Constitution: 18 Intelligence: 8 Wisdom: 8 Charisma: 6 Health: 0(58) Energy: 9(9) Def: 5 Gold: 3427 Moves: 3660 Dungeon seed: bF2dBclWWYLP_cRi Game ID: Cool Beans_1518106637 Your Inventory: Coins $ - 3427 gold pieces Amulets x - a cursed amulet of restful sleep K - a cursed amulet of change Weapons C - an uncursed corroded +0 two-handed sword (weapon in hands) H - an uncursed +0 elven spear (in quiver) Armor n - an uncursed +0 elven mithril-coat (being worn) z - an uncursed +0 small shield Y - an uncursed +0 dwarvish cloak (being worn) Comestibles c - 4 uncursed food rations d - an uncursed lembas wafer E - 2 uncursed fortune cookies M - an uncursed apple Scrolls l - an uncursed scroll of remove curse o - an uncursed scroll of scare monster A - an uncursed scroll of magic mapping B - an uncursed scroll of create monster Potions v - a cursed potion of hallucination D - an uncursed potion of booze G - a blessed potion of restore ability Wands L - an uncursed wand of cold (0:1) Gems e - an uncursed amethyst stone q - an uncursed worthless piece of violet glass r - 2 uncursed worthless pieces of yellowish brown glass y - an uncursed worthless piece of black glass N - 2 uncursed worthless pieces of green glass Spells and supernatural/magical abilities: Name Level Category Fail Memory W - pray for help -- divine ? -- Your skills at the end: Fighting Skills bare handed combat [Basic] Weapon Skills axe [Basic] two-handed sword [Basic] Spellcasting Skills Final Attributes: You were immune to poison. You had infravision. You were unlucky. You angered your god 7 turns ago. Set was angry with you. You are dead. Vanquished creatures: 18 leprechauns a dingo an ape 2 bugbears an Uruk-hai a rock mole 3 ponies a shrieker 3 gnome lords a gnomish wizard a little dog a floating eye 2 kobold lords a hill orc 4 rothes a centipede a giant bat a monkey an orc zombie 4 dwarf zombies a werejackal 3 iguanas 3 acid blobs 4 hobbits a large kobold 4 hobgoblins 6 giant rats 3 cave spiders a red mold 2 gnomes a gnome zombie 2 geckos 8 jackals 3 foxes 4 kobolds 4 grid bugs a bat 4 lichens 2 kobold zombies 7 newts 113 creatures vanquished. Voluntary challenges: You used a wielded weapon 99 times, starting on turn 60. You read items or engraved 1 time, starting on turn 3515. You never genocided any monsters. You never polymorphed an object. You never changed form. You used no wishes. You never split a pudding. You never wrote Elbereth's name. You never violated your personal moral code. Dungeon overview: The Dungeons of Doom: levels 1 to 8 Level 1 some fountains a long staircase Level 2 a vault Level 3 an altar to Set, a fountain, a vault stairs to The Gnomish Mines Level 4 Level 5 a weapon shop, an altar to Crom Level 6 some fountains Level 7 many fountains Level 8 <- You were here a throne The Gnomish Mines: Level 4 stairs to The Dungeons of Doom History has recorded: On T:1 you entered the Dungeons of Doom to retrieve the Amulet of Yendor! On T:326 you reached level 2 of The Dungeons of Doom. On T:400 you advanced to experience level 2. On T:734 you reached level 3 of The Dungeons of Doom. On T:985 you advanced to experience level 3. On T:1460 you reached level 1 of The Gnomish Mines. On T:1553 you reached level 4 of The Dungeons of Doom. On T:1628 you advanced to experience level 4. On T:1954 you reached level 5 of The Dungeons of Doom. On T:2359 you reached level 6 of The Dungeons of Doom. On T:2400 you advanced to experience level 5. On T:3200 you advanced to experience level 6. On T:3545 you reached level 8 of The Dungeons of Doom. Score breakdown: Gold: 3427 (12024 points) Experience: 6 levels (12456 points) Exploration: 8 levels ( 15.38%) (11114 points) Discoveries: 6 items ( 2.40%) ( 4647 points) Valuables value: (no points given unless you survive) Artifact value: 0 ( 0 points) Variety of kills: 40 monsters ( 10.53%) ( 9733 points) Turncount: 3660 turns ( -893 points) Survival: died (score multiplied by 80%) Total score: 39264 Latest messages: The bolt of cold hits the hobgoblin! The bolt of cold hits the gnome lord! The bolt of cold whizzes by the gnomish wizard! Cool Beans' ghost touches you! The hobgoblin hits! You miss the hobgoblin. The hobgoblin hits! You kill the hobgoblin! You miss Cool Beans' ghost. (2x) Cool Beans' ghost touches you! The gnome lord picks up a few equipment from the floor. You smite the gnome lord! The gnomish wizard casts a spell! The force bolt hits the gnome lord! The gnome lord is killed! The force bolt hits you! There is a doorway here. There are several objects here. The gnomish wizard casts a spell! The force bolt hits you! You die... Final status: Goodbye Cool Beans the Barbarian, killed by a gnomish wizard's force bolt... You died in The Dungeons of Doom on dungeon level 8 with 39264 points, and 3427 pieces of gold, after 3660 moves. You were level 6 with a maximum of 58 hit points when you died.